Map: Old Republic LE

Players

HoldTheDoor

  • Race: Protoss Protoss
  • League: Diamond
  • Spawn Location: 1:00

Tuapse - Winner!

  • Race: Terran Terran
  • Spawn Location: 7:00

VOD

Have the link to the VOD?

Description

Time

  • Played on: May 11, 2026, 1:15 p.m.
  • Length: 3:30
Show
View Real Time Build Order
Export as new Build Order

HoldTheDoor Protoss 

Build Orders:  

Get SALT Encoding   

  12  0:00  Probe  
  13  0:12  Probe  
  14  0:22  Pylon  
  14  0:24  Probe  
  15  0:36  Probe  
  16  0:43  Gateway  
  16  0:44  Probe  
  17  0:52  Assimilator  
  17  0:55  Probe  
  18  1:07  Probe  
  19  1:15  Forge  
  19  1:19  Probe  
  20  1:31  Probe, Cybernetics Core  
  21  1:43  Probe  
  22  1:48  Nexus  
  22  1:55  Probe  
  22  1:56  Cybernetics Core  
  23  2:02  Gateway  
  23  2:09  Pylon  
  23  2:13  Assimilator  
  23  2:27  Probe  
  22  2:46  Adept  
Show
View Real Time Build Order
Export as new Build Order

Tuapse Terran - Winner!

Build Orders: Reaper Expand 

Get SALT Encoding   

  12  0:00  SCV  
  13  0:13  Supply Depot  
  13  0:18  SCV  
  14  0:35  Barracks  
  14  0:39  Refinery  
  14  0:44  SCV  
  15  0:56  SCV  
  16  1:08  SCV  
  17  1:20  SCV  
  17  1:23  Reaper  
  20  1:32  SCV  
  20  1:41  Supply Depot  
  20  1:46  Orbital Command  
  20  2:08  Command Center  
  20  2:12  SCV, Factory  
  21  2:24  SCV, Barracks Tech Lab  
  22  2:36  SCV  
  23  2:48  SCV  
  24  3:00  SCV  
  24  3:03  Marauder  
  27  3:12  SCV  
Tags
 
League
Diamond
Matchup
PvT
Replay Pack
SC2Mai2026
Spawn Locations
Cross Positions
Add a new tag
Caveats
  • Supply blocks, unpowered buildings, or Contaminate may cause inaccurate times.
  • Supply counts are checked every 10 seconds.